cohdb
Replays
Latest Replays
All Replays
Popular Replays
Top Player Replays
Match Explorer
How It Works
Community
CoH3 Stats
Reddit
Sign in to upload your games and track your stats! →
Sign in with Steam
Match 45167677
Unlisted
Match 45167677
Overview
Messages
Build Orders
End
Construct Section Command Post
Royal Engineer Section
Infantry Section
Infantry Section
Selects Canadian Shock Battlegroup
Selects Canadian Shock Battlegroup
Construct Platoon Command Post
Selects Offensive Resupply
Selects Canadian Shock Section
Canadian Shock Section
Selects Incendiary Munitions
6-pounder Anti-tank Gun Team
Canadian Shock Section
CMP 15cwt Truck
Selects Pyrotechnics
Infantry Training
Construct Company Command Post
Unlock M3 Grant Medium Tanks
Selects Churchill Crocodile Heavy Tank
Churchill Crocodile Heavy Tank
Armored Vehicle Training
Canadian Shock Section
Selects Smoke Operation
Selects Point Assault
Team Weapon Training
M3 Grant Medium Tank
Royal Engineer Section
Royal Engineer Section
Heretek
anioki
Sky Blues
Perke
天下第一猫猫头
Malkuth
0
0
Comments
sign in to comment!
No comments posted yet!